 Dungeon Crawl Stone Soup version 0.21-a0-496-g696f58f537 (webtiles) character file.

203 Kaname the Digger (level 5, 0/35 HPs)
             Began as a Demonspawn Earth Elementalist on Nov 24, 2017.
             Slain by an orc
             ... wielding a +0 mace
              (7 damage)
             ... on level 2 of the Dungeon.
             The game lasted 00:10:09 (1763 turns).

Kaname the Digger (Demonspawn Earth Elementalist)   Turns: 1763, Time: 00:10:09

Health: 0/35       AC:  2    Str:  8    XL:     5   Next: 51%
Magic:  8/17       EV: 12    Int: 18    God:
Gold:   113        SH:  0    Dex: 13    Spells: 4/8 levels left

rFire    . . .     SeeInvis .   q - +1 whip (drain)
rCold    + . .     Gourm    .   (no shield)
rNeg     . . .     Faith    .   c - +0 robe
rPois    .         Spirit   .   (helmet restricted)
rElec    .         Reflect  .   (no cloak)
rCorr    .         Harm     .   (no gloves)
MR       .....                  (no boots)
Stlth    +++.......             (no amulet)
HPRegen  0.11/turn              l - ring of magical power
MPRegen  0.15/turn              (no ring)

@: no status effects
A: antennae 1, cold resistance 1, nightstalker 1
a: no special abilities


You were on level 2 of the Dungeon.
You were not hungry.

You visited 1 branch of the dungeon, and saw 3 of its levels.

You collected 113 gold pieces.

Inventory:

Hand Weapons
 q - a +1 whip of draining (weapon)
Missiles
 b - 57 stones (quivered)
 h - 16 sling bullets
Armour
 c - a +0 robe (worn)
 s - a +0 ring mail of poison resistance
Jewellery
 l - a ring of magical power (left hand)
Scrolls
 f - a scroll of blinking {unknown}
 j - a scroll of amnesia {unknown}
 k - a scroll of identify
 n - a scroll of immolation {unknown}
 p - a scroll of teleportation {unknown}
 r - a scroll of enchant weapon {unknown}
Potions
 g - a potion of magic {unknown}
 i - 2 potions of curing
 m - a potion of invisibility {unknown}
Books
 e - a book of Geomancy

   Spells                             Type                      Level
   a - Sandblast                      Earth                        1
   b - Passwall                       Transmutation/Earth          2
   c - Stone Arrow                    Conjuration/Earth            3
   d - Petrify                        Transmutation/Earth          4
   e - Lee's Rapid Deconstruction     Earth                        5
Comestibles
 a - 3 meat rations
 d - 2 bread rations
 o - a royal jelly
 t - 3 chunks of flesh


   Skills:
 - Level 1.7 Dodging
 - Level 1.7 Stealth
 - Level 2.0 Spellcasting
 * Level 2.8 Conjurations
   Level 0.8 Transmutations
 - Level 5.0 Earth Magic


You had 4 spell levels left.
You knew the following spells:

 Your Spells              Type           Power        Failure   Level  Hunger
a - Sandblast             Erth           ###...       2%          1    #......
b - Stone Arrow           Conj/Erth      ###...       11%         3    ###....


Dungeon Overview and Level Annotations

Branches:
Dungeon (3/15)

Altars:

Annotations:
D:3 Ijyb; Natasha; Voland's ghost, amateur GrWz


Innate Abilities, Weirdness & Mutations

You have a pair of small antennae on your head.
Your flesh is cold resistant. (rC+)
You are slightly more attuned to the shadows.


Message History

The orc closely misses you.
Casting: Sandblast
Confirm with . or Enter, or press ? or * to list all spells.
Aiming: Sandblast
Press: ? - help, Shift-Dir - straight line, f/p - orc
Aim: an orc, wielding a falchion and wearing a chain mail The blast of sand hits the orc.
b - 58 stones The orc hits you with a falchion.
The orc barely misses you.
Casting: Sandblast
Confirm with . or Enter, or press ? or * to list all spells.
Aiming: Sandblast
Press: ? - help, Shift-Dir - straight line, f/p - orc
Aim: an orc, wielding a falchion and wearing a chain mail The blast of sand hits the orc.
b - 57 stones The orc hits you with a falchion.
* * * LOW HITPOINT WARNING * * *
The orc hits you with a mace!
You die...

#..##.#
####.#..#.#
##.##.# #.#..#)#
#.##.# #.#..#.###
#.)#.# #.####....
##.#.# #.....####
#.#.# #####.####
#...# #.......
###############.o#
#.#.####
................@#
#.#..###
################o#
#.##.##.
#.#########.##.##.
#...........##.##.
##############.##.
#.....##.
#.######.
#.######.
#........


You could see 2 orcs.

Vanquished Creatures
  An orc wizard (D:3)
  An orc priest (D:3)
  Natasha (D:3)
  2 adders (D:2)
  An ooze (D:2)
  3 worms
  4 dart slugs
  3 leopard geckos
  4 orcs (D:3)
  3 ball pythons (D:2)
  8 bats
  A giant cockroach (D:1)
  7 goblins
  9 hobgoblins
  6 jackals
  10 kobolds
  7 frilled lizards
  6 rats
77 creatures vanquished.

Notes
Turn   | Place    | Note
-------+----------+-------------------------------------------
     0 | D:1      | Kaname the Demonspawn Earth Elementalist began the quest for the Orb.
     0 | D:1      | Reached XP level 1. HP: 13/13 MP: 3/3
    37 | D:1      | Reached skill level 3 in Earth Magic
   151 | D:1      | Gained mutation: You have a pair of small antennae on your head. [demonic ancestry]
   151 | D:1      | Reached XP level 2. HP: 19/19 MP: 1/5
   502 | D:2      | Gained mutation: Your flesh is cold resistant. (rC+) [demonic ancestry]
   502 | D:2      | Reached XP level 3. HP: 19/24 MP: 3/6
   507 | D:2      | Learned a level 3 spell: Stone Arrow
   542 | D:2      | Reached skill level 4 in Earth Magic
   861 | D:2      | Reached XP level 4. HP: 27/30 MP: 0/7
  1406 | D:3      | Reached skill level 5 in Earth Magic
  1434 | D:3      | Noticed Voland's ghost (amateur GrWz)
  1541 | D:3      | Noticed Natasha
  1544 | D:3      | Killed Natasha
  1544 | D:3      | Reached skill level 1 in Conjurations
  1544 | D:3      | Gained mutation: You are slightly more attuned to the shadows. [demonic ancestry]
  1544 | D:3      | Reached XP level 5. HP: 35/35 MP: 8/8
  1751 | D:3      | Noticed Ijyb
  1755 | D:3      | Noticed Natasha
  1763 | D:2      | Slain by an orc

Vault maps used:
D:1:      lemuel_arrival_room, serial_glass, glass_columns_a, glass_columns_a
D:3:      lemuel_coloured_pillars_altar, first_bread, uniq_natasha, uniq_ijyb

Skill      XL: |  1  2  3  4  5 |
---------------+----------------+-----
Earth Magic    | 3 4 5 |  5.0
Conjurations   | 1 2 |  2.8
Dodging        | |  1.7
Stealth        | |  1.7
Spellcasting   | |  2.0
Transmutations | |  0.8

Action                   |  1- 3 |  4- 6 || total
-------------------------+-------+-------++-------
Melee: Unarmed           |    47 |       ||    47
       Spear             |    49 |    13 ||    62
       Whip              |       |     8 ||     8
 Cast: Sandblast         |    40 |    52 ||    92
       Stone Arrow       |     1 |       ||     1
  Use: Scroll            |       |     2 ||     2
 Stab: Sleeping          |       |     3 ||     3
  Eat: Chunk             |     1 |     3 ||     4
Armor: Robe              |    38 |     4 ||    42
Dodge: Dodged            |   100 |    37 ||   137

Table legend:
 A = Spawn XP
 B = Non-spawn XP
 C = Spawn XP percentage of total XP
 D = Spawn monster count
 E = Non-spawn monster count
 F = Spawn count percentage of total count
 G = Total turns spent on level
                    A         B        C        D         E        F      G
               +---------+---------+-------+---------+---------+-------+---------
         Total |       0 |     291 |   0.0 |       0 |      77 |   0.0 |  1763
               +---------+---------+-------+---------+---------+-------+---------
           D:1 |       0 |      37 |   0.0 |       0 |      23 |   0.0 |   480
           D:2 |       0 |      97 |   0.0 |       0 |      36 |   0.0 |   902
           D:3 |       0 |     157 |   0.0 |       0 |      18 |   0.0 |   381
               +---------+---------+-------+---------+---------+-------+---------
